 Dungeon Crawl Stone Soup version 0.31-a0-355-g57cb03d3e8 (webtiles) character file.

Game seed: 5964031915186024654

442263 Zeldest the Metamorph (level 24, -17/171 HPs)
             Began as a Vine Stalker Shapeshifter on July 24, 2023.
             Was a High Priest of Okawaru.
             Killed by the air
             ... invoked by a spriggan air mage
              (24 damage)
             ... on level 3 of the Depths on July 25, 2023.
             The game lasted 02:01:03 (49066 turns).

Zeldest the Metamorph (Vine Stalker Shapeshifter)  Turns: 49066, Time: 02:01:04

Health: -17/171    AC: 37    Str: 29    XL:     24   Next: 13%
Magic:  0/36       EV: 16    Int: 13    God:    Okawaru [*****.]
Gold:   2492       SH: 19    Dex: 18    Spells: 32/39 levels left

rFire   + .          .
                       - Unarmed
rCold   + . .        E - +3 kite shield "Lanoloog" {Will+ SInv}
rNeg    + . .        N - melded +4 troll leather armour of Jousej {rPois Regen+ Dex+5}
rPois   ∞            C - +1 helmet
rElec   +            I - scarf {repulsion}
rCorr   .            (gloves currently unavailable)
SInv    +            k - melded +1 pair of boots of Rotation {Contam Str+5 Slay+3}
Will    +++++        h - amulet of reflection
Stlth   ++           e - ring of protection from fire
HPRegen 1.28/turn    X - ring "Akotrara" {Contam rElec Will+ Dex+3 Slay+3}
MPRegen 0.25/turn

%: repel missiles, reflection, guardian spirit
@: about to teleport, statue-form, very slow
A: slow and powerful, torment resistance 1, boosted hp, fangs 3, regeneration 1,
magic shield, antimagic bite, no potion heal 2, (iridescent scales 1), clever 1,
cold resistance 1, strong 1, MP-powered wands, noise suppression
}: 2/15 runes: decaying, gossamer
a: Begin Untransformation, Renounce Religion, Heroism, Finesse, Duel


You were on level 3 of the Depths.
You worshipped Okawaru.
Okawaru was extremely pleased with you.
You were a living statue of rough stone.
You visited 10 branches of the dungeon, and saw 45 of its levels.

You collected 5763 gold pieces.
You spent 3271 gold pieces at shops.

Inventory:

Missiles
 s - 2 throwing nets
Armour
 j - the +0 pair of fencer's gloves {Riposte Dex+3}
   (You found it on level 3 of the Elven Halls)

   Riposte:   It allows the wearer to riposte with melee weapons, swiftly
   retaliating against missed or blocked melee attacks.
   Dex:       It affects your dexterity (+3).
 k - the +1 pair of boots of Rotation (melded) {Contam Str+5 Slay+3}
   (You found it on level 3 of the Dungeon)

   Str:       It affects your strength (+5).
   Slay:      It affects your accuracy & damage with ranged weapons and melee
   (+3).
   Contam:    It causes magical contamination when unequipped.
 A - the +9 plate armour of the New World {Will+ Str+8 Stlth-}
   (You found it on level 2 of the Depths)

   Str:       It affects your strength (+8).
   Will:      It increases your willpower.
   Stlth:     It makes you less stealthy.
 C - a +1 helmet (worn)
 E - the +3 kite shield "Lanoloog" (worn) {Will+ SInv}
   (Okawaru gifted it to you on level 12 of the Dungeon)

   SInv:      It lets you see invisible.
   Will:      It increases your willpower.
 I - a scarf of repulsion (worn)
 N - the +4 troll leather armour of Jousej (melded) {rPois Regen+ Dex+5}
   (Okawaru gifted it to you on level 4 of the Swamp)

   Dex:       It affects your dexterity (+5).
   rPois:     It protects you from poison.
   Regen:     It increases your rate of health regeneration.
Jewellery
 a - the ring "Beyr" {rElec rC+ Slay+2}
   (You found it on level 3 of the Depths)

   [ring of protection from cold]

   Slay:      It affects your accuracy & damage with ranged weapons and melee
   (+2).
   rC:        It protects you from cold.
   rElec:     It insulates you from electricity.
 e - a ring of protection from fire (left fist)
 h - an amulet of reflection (around neck)
 l - the ring "Zuorumim" {Ice +Blink rCorr Str+3 Dex-4}
   (You took it off Josephina on level 2 of the Depths)

   [ring of ice]

   It enhances your ice magic.
   Str:       It affects your strength (+3).
   Dex:       It affects your dexterity (-4).
   rF:        It makes you vulnerable to fire.
   rC:        It protects you from cold.
   +Blink:    It lets you blink.
   rCorr:     It protects you from acid and corrosion.
 r - a ring of flight
 t - a ring of see invisible
 X - the ring "Akotrara" (right fist) {Contam rElec Will+ Dex+3 Slay+3}
   (You found it on level 1 of the Vaults)

   [ring of willpower]

   Dex:       It affects your dexterity (+3).
   Slay:      It affects your accuracy & damage with ranged weapons and melee
   (+3).
   rElec:     It insulates you from electricity.
   Contam:    It causes magical contamination when unequipped.
   Will:      It increases your willpower.
Talismans
 O - a granite talisman
Wands
 b - a wand of digging (12)
 c - a wand of acid (3)
 u - a wand of paralysis (28)
 L - a wand of roots (49)
Scrolls
 m - 8 scrolls of amnesia
 o - 20 scrolls of teleportation
 x - 9 scrolls of revelation
 y - 8 scrolls of immolation
 B - 5 scrolls of enchant armour
 H - 2 scrolls of poison
 R - 9 scrolls of vulnerability
 S - 4 scrolls of torment
 Y - 2 scrolls of fear
 Z - 2 scrolls of fog
Potions
 d - 3 potions of invisibility
 f - 3 potions of cancellation
 g - 18 potions of curing
 n - 3 potions of might
 p - 11 potions of mutation
 v - 3 potions of haste
 w - 3 potions of resistance
 z - 2 potions of attraction
 D - 8 potions of brilliance
 F - 7 potions of enlightenment
 M - 3 potions of berserk rage
 P - 4 potions of lignification
 T - 4 potions of ambrosia
 U - a potion of magic
Miscellaneous
 i - a lightning rod (4/4)
 q - a phial of floods (inert)
 Q - a condenser vane (inert)


   Skills:
 - Level 15.3 Fighting
 - Level 7.2 Armour
 - Level 8.6 Dodging
 - Level 8.2 Shields
 - Level 19.2 Unarmed Combat
 + Level 8.1 Spellcasting
 - Level 10.8 Conjurations
 - Level 7.5 Necromancy
 * Level 5.8 Translocations
 - Level 12.0 Transmutations
 - Level 11.0 Invocations
 - Level 4.0 Evocations
 - Level 19.2 Shapeshifting


You had 32 spell levels left.
You knew the following spells:

 Your Spells              Type           Power      Damage    Failure   Level
a - Wereblood             Tmut           36%        N/A       1%          2
b - Irradiate             Conj/Tmut      17%        3d17      6%          5

Your spell library contained the following spells:

 Spells                   Type           Power      Damage    Failure   Level
 Apportation              Tloc           40%        N/A       1%          1
 Necrotise                Necr           96%        1d8       1%          1
 Sting                    Tmut/Pois      80%        1d7       1%          1
 Momentum Strike          Conj/Tloc      52%        3d9       1%          2
 Blink                    Tloc           40%        N/A       3%          2
 Lesser Beckoning         Tloc           40%        N/A       3%          2
 Passwall                 Tmut/Erth      16%        N/A       3%          2
 Static Discharge         Conj/Air       38%        2-4/arc   3%          2
 Gell's Gravitas          Tloc           20%        N/A       6%          3
 Teleport Other           Tloc           20%        N/A       6%          3
 Hailstorm                Conj/Ice       19%        3d6       8%          3
 Iskenderun's Mystic Bla  Conj/Tloc      26%        2d7       8%          4
 Iskenderun's Battlesphe  Conj           33%        2d9       8%          5
 Dispel Undead            Necr           24%        3d12      11%         4
 Cigotuvi's Dreadful Rot  Necr/Pois/Air  22%        N/A       12%         2
 Ignite Poison            Fire/Tmut/Pois 15%        N/A       13%         3
 Petrify                  Tmut/Erth      20%        N/A       19%         4
 Portal Projectile        Hex/Tloc       24%        N/A       21%         3
 Vhi's Electric Charge    Tloc/Air       24%        N/A       21%         3
 Manifold Assault         Tloc           20%        N/A       21%         4
 Passage of Golubria      Tloc           20%        N/A       21%         4
 Agony                    Necr           24%        N/A       28%         5
 Ensorcelled Hibernation  Hex/Ice        10%        N/A       34%         2
 Poisonous Vapours        Pois/Air       10%        N/A       34%         2
 Anguish                  Hex/Necr       7%         N/A       43%         4
 Frozen Ramparts          Ice            10%        1d2       56%         3
 Inner Flame              Hex/Fire       5%         N/A       56%         3
 Swiftness                Air            5%         N/A       56%         3
 Borgnjor's Vile Clutch   Necr/Erth      7%         N/A       80%         5
 Freezing Cloud           Conj/Ice/Air   7%         6-21      82%         5
 Airstrike                Air            2%         2d(1-17)  92%         4
 Leda's Liquefaction      Hex/Erth       2%         N/A       92%         4
 Dispersal                Tloc           10%        N/A       97%         6
 Conjure Ball Lightning   Conj/Air       9%         3x3d6     98%         6
 Leda's Unmaking          Conj/Erth      9%         9d2       98%         6
 Lee's Rapid Deconstruct  Erth           2%         3d5*      99%         5
 Metabolic Englaciation   Hex/Ice        2%         N/A       99%         5
 Silence                  Hex/Air        2%         N/A       99%         5
 Borgnjor's Revivificati  Necr           12%        N/A       100%        8
 Discord                  Hex            2%         N/A       100%        8
 Lehudib's Crystal Spear  Conj/Erth      9%         10d4      100%        8
 Chain Lightning          Conj/Air       9%         3d12      100%        9
 Sublimation of Blood     Necr           Unusable   N/A       N/A         2
 Animate Dead             Necr           Unusable   N/A       N/A         4
 Summon Small Mammal      Summ           Unusable   N/A       N/A         1
 Call Imp                 Summ           Unusable   N/A       N/A         2
 Summon Guardian Golem    Hex/Summ       Unusable   N/A       N/A         3
 Tukima's Dance           Hex            Unusable   N/A       N/A         3
 Death Channel            Necr           Unusable   N/A       N/A         6
 Animate Armour           Summ/Erth      Unusable   N/A       N/A         4
 Summon Lightning Spire   Summ/Air       Unusable   N/A       N/A         4
 Simulacrum               Ice/Necr       Unusable   N/A       N/A         6
 Summon Hydra             Summ           Unusable   N/A       N/A         7

Dungeon Overview and Level Annotations

Branches:
Dungeon (15/15) Zot: 23908  Temple (1/1) D:6 Zot: 5859    Lair (5/5) D:9 Zot: 22731
  Swamp (4/4) Lair:2 Zot: 18533  Spider (4/4) Lair:3 Zot: 17453   Slime (0/5) Lair:5
    Orc (2/2) D:12 Zot: 9991     Elf (3/3) Orc:2 Zot: 14433  Vaults (4/5) D:13 Zot: 16665
  Crypt (3/3) Vaults:2 Zot: 14279    Tomb (0/3) Crypt:3      Depths (4/4) D:15 Zot: 19600
    Zot: Depths:4

Altars:
Ashenzari
Cheibriados
Dithmenos
Elyvilon
Fedhas
Gozag
Hepliaklqana
Kikubaaqudgha
Makhleb
Nemelex Xobeh
Okawaru
Qazlal
Ru
Sif Muna
Trog
Uskayaw
Vehumet
Wu Jian
Xom
Yredelemnul
Zin
The Shining One

Shops:
D:4 =   D:10 (   D:14 (   Orc:2 ***==   Elf:1 [=*   Elf:2 !   Vaults:1 ?=((
Depths:2 *?

Portals:
Hell: Depths:1 Depths:2
Abyss: Depths:1
Pandemonium: Depths:1 Depths:2 Depths:3
Ziggurat: Depths:1

Annotations:
D:6 2 runed translucent doors, arthad's ghost, novice GrFi
D:8 exclusion: 2 doors
Lair:3 2 runed translucent doors, exclusion: oklob plant, Vacku Hude's ghost, journeyman HOFi
Lair:5 exclusion: obsidian statue
Swamp:4 exclusion: thorn hunter
Spider:4 2 transporters, Shard1697's ghost, adept MeBe
Elf:2 2 runed translucent doors
Crypt:2 1 runed translucent door, Omoexics's ghost, veteran DsGl


Innate Abilities, Weirdness & Mutations

You are a living statue of rough stone.
Your actions are slow, but your melee attacks are powerful.
You are resistant to unholy torment.
Your maximum health is greatly increased.
Your equipment is partially melded.
You are immune to poison.
You have razor-sharp teeth.
Your natural rate of healing is unusually fast.
When hurt, damage is shared between your health and your magic reserves.
Your bite disrupts and absorbs the magic of your enemies.
Potions cannot restore your health.
((You are partially covered in iridescent scales. (AC +2)))
Your mind is acute. (Int +4, Str/Dex -1)
Your flesh is cold resistant. (rC+)
Your muscles are strong. (Str +4, Int/Dex -1)
You expend magic power (3 MP) to strengthen your wands.
You passively dampen the noise of your surroundings.


Message History

The air twists around and strikes you.
The spriggan air mage waves its arms in wide circles.
The air twists around and strikes you.
You pummel the spriggan berserker like a punching bag!!!
The spriggan berserker is heavily wounded.
You block the spriggan berserker's attack.
The death yak barely misses you.
The spriggan berserker hits you with a +0 war axe!!
The spriggan air mage falters for a moment.
You closely miss the spriggan berserker.
Your bite misses the spriggan berserker.
The spriggan berserker is heavily wounded.
You block the death yak's attack.
You block the spriggan berserker's attack.
The death yak gores you!
* * * LOW HITPOINT WARNING * * *
You block the spriggan berserker's attack.
Okay, then.
Magic courses through your body. The death yak gores you!!
* * * LOW HITPOINT WARNING * * *
The spriggan berserker hits you with a +0 war axe!
* * * LOW HITPOINT WARNING * * *
You block the death yak's attack.
The spriggan air mage waves its arms in wide circles.
The air twists around and strikes you.
* * * LOW HITPOINT WARNING * * *
The spriggan berserker hits you with a +0 war axe!!
* * * LOW HITPOINT WARNING * * *
Blink to where?
Press: ? - help, Dir - move target
As you read the scroll of blinking, it crumbles to dust.
Okay, then.
Okay, then.
As you read the scroll of teleportation, it crumbles to dust.
You feel strangely unstable.
The death yak rages.
You block the spriggan berserker's attack.
The spriggan air mage waves its arms in wide circles.
The air twists around and strikes you!!
You die...

###### ...... ...... #########
######### ...... #.......#
#.......#
......####.......###.###.#.#
................).........>######
.......##.......)###.###...##.##.
......ii.§.......##...........##.
......###.iiY..i8...<..#.........
...... ##./.....#.##..#.........
####.# ##.....##.##......##.### #
#. #.........[.........#.# # #.
#.#############.......# # . #.
#######.......# # .
#...........#.### # ##
##########[.[...# # .##.....#


You could see a death yak (summoned, berserk), a spriggan berserker (berserk)
and 2 spriggan air magi.

Vanquished Creatures
  Mara (Depths:2)
  Josephina (Depths:2)
  Boris (twice) (Vaults:3 Depths:3)
  Saint Roka (Depths:1)
  Vv (Depths:2)
  A profane servitor (Crypt:3)
  Nikola (Swamp:2)
  Jory (Crypt:3)
  A bone dragon (Crypt:3)
  A tentacled monstrosity (Depths:1)
  A titan (Vaults:3)
  Rupert (Lair:5)
  4 liches
  A walking divine tome (Depths:2)
  4 deep elf master archers (Elf:3)
  Gastronok (D:9)
  2 sphinxes
  5 deep elf blademasters (Elf:3)
  Frances (Swamp:2)
  3 ancient champions
  A tengu reaver (Depths:3)
  Aizul (Swamp:2)
  Roxanne (Swamp:4)
  2 revenants
  An iron dragon (Depths:2)
  3 fire giants
  14 vault wardens
  2 frost giants
  11 emperor scorpions
  7 ghost moths
  5 deep elf sorcerers (Elf:3)
  A deep elf elementalist (Elf:3)
  2 orc warlords
  14 ironbound preservers
  A ghoul (Crypt:3)
  A cacodemon (Depths:2)
  A war gargoyle (Vaults:4)
  2 spriggan defenders (Depths:1)
  7 very ugly things
  5 formless jellyfish
  4 broodmothers
  11 stone giants
  2 ironbound thunderhulks
  2 deep elf demonologists (Elf:3)
  13 vampire knights
  2 reapers
  11 dire elephants
  4 eleionomae
  7 bunyips
  14 deep elf annihilators
  Azrael (D:15)
  4 fire dragons
  21 ettins
  A blizzard demon (Depths:2)
  19 jiangshi
  4 deep elf death magi
  3 eidola
  A shambling mangrove (Swamp:2)
  A quicksilver dragon zombie (Crypt:1)
  4 deep elf high priests
  A crystal guardian (Vaults:4)
  10 yaktaur captains
  8 great orbs of eyes
  9 entropy weavers
  6 ice dragons
  2 spriggan zombies (Crypt:1)
  10 hydras
  Erolcha (D:12)
  A hell beast (Depths:2)
  An ogre mage (D:15)
  2 jorogumos
  A peacekeeper (Vaults:4)
  4 catoblepae
  8 vault guards
  19 centaur warriors
  16 ironbound frosthearts
  8 deep troll shamans
  3 death knights
  11 dancing weapons
  9 two-headed ogres
  10 alligators
  A hell hog (Depths:2)
  2 radroaches (Spider:1)
  8 boulder beetles
  An azure jelly zombie (Crypt:2)
  2 spectral dire elephants (Lair:5)
  5 deep troll earth magi
  4 death yaks
  4 demonic crawlers
  2 vampire magi
  5 orc high priests
  6 spriggan berserkers
  A spectral naga (Crypt:3)
  12 tengu warriors
  A hell knight (Crypt:3)
  5 deep elf knights
  2 fire crabs (Lair:4)
  3 sun moths
  21 skeletal warriors
  12 pharaoh ants
  41 deep trolls
  A ghost moth zombie (Crypt:2)
  A soul eater (Crypt:1)
  A spectral anaconda (Lair:5)
  A spectral bunyip (Crypt:3)
  4 skysharks
  2 quicksilver dragon simulacra
  13 orb spiders
  A glowing orange brain (shapeshifter) (Vaults:1)
  4 iron trolls
  7 goliath frogs
  4 flayed ghosts
  A titan skeleton (D:15)
  2 spriggan druids
  3 shadow wraiths (Crypt:3)
  Pikel (D:4)
  8 lindwurms
  4 bog bodies
  11 steelbarb worms
  19 ironbound convokers
  6 deep elf archers
  8 orc knights
  7 wizards
  2 spriggan simulacra (Depths:2)
  9 necromancers
  19 deep elf zephyrmancers
  5 phantasmal warriors
  3 swamp dragons
  19 deep elf pyromancers
  2 jorogumo zombies (Crypt:1)
  2 oklob plants
  7 orc sorcerers
  28 ugly things
  20 wolf spiders
  3 manticores
  2 stone giant zombies
  20 elephants
  7 cyclopes
  4 will-o-the-wisps
  6 moths of wrath
  6 black mambas
  12 vault sentinels
  A titan simulacrum (Depths:2)
  6 torpor snails
  A fire giant skeleton (D:15)
  A rust devil (Depths:2)
  15 cane toads
  2 smoke demons (Depths:2)
  2 unseen horrors
  A storm dragon simulacrum (Depths:2)
  A centaur skeleton (Crypt:2)
  2 gargoyles (D:13)
  A stone giant skeleton (Vaults:2)
  10 freezing wraiths
  9 komodo dragons
  26 yaktaurs
  2 spriggan skeletons
  A rime drake (Lair:2)
  A kobold demonologist (D:12)
  5 tengu conjurers
  An efreet (D:13)
  A death yak skeleton (Crypt:2)
  A red devil (Depths:2)
  17 trolls
  9 meliai
  21 hornets
  A harpy skeleton (Crypt:1)
  7 polar bears
  6 tyrant leeches
  2 spectral elephants (Lair:5)
  2 large abominations (Crypt:3)
  A satyr zombie (Crypt:2)
  2 small abominations (Crypt:3)
  A draconian simulacrum (Crypt:1)
  A frost giant simulacrum (Depths:2)
  10 blink frogs
  A dream sheep (Lair:4)
  A stone giant simulacrum (Vaults:2)
  29 tarantellas
  24 culicivoras
  19 jumping spiders
  25 slime creatures
  51 flying skulls
  4 shadows
  3 air elementals
  A black mamba zombie (Crypt:2)
  A vampire (D:13)
  A spriggan (shapeshifter) (D:14)
  25 spriggans
  44 yaks
  7 water elementals
  9 wraiths
  3 wyverns
  A dire elephant simulacrum (Lair:5)
  2 fire elementals
  11 vampire mosquitoes
  2 swamp worm simulacra (Swamp:4)
  2 steam dragons
  66 redbacks
  6 basilisks
  10 swamp worms
  3 wargs
  21 water moccasins
  3 spectral cane toads (Lair:5)
  17 hydra simulacra
  A floating eye (shapeshifter) (Vaults:1)
  3 hell hounds
  A fire bat skeleton (Crypt:1)
  An ice beast (D:6)
  35 orc warriors
  A water nymph skeleton (Crypt:1)
  A glowing shapeshifter skeleton (Vaults:2)
  5 swamp drakes
  5 elephant zombies (Lair:5)
  8 black bears
  10 ogres
  5 boggarts
  13 wolves
  A centaur (D:7)
  A phantom (D:5)
  A draconian zombie (Crypt:2)
  4 kobold brigands
  21 bullfrogs
  4 necrophages (Crypt:3)
  9 gnoll sergeants
  A cane toad simulacrum (Lair:5)
  4 scorpions
  An elephant simulacrum (Lair:5)
  18 killer bees
  A troll skeleton (Crypt:2)
  6 electric eels (D:9)
  5 howler monkeys
  8 hounds
  5 jellies
  17 orc priests
  24 orc wizards
  A sleepcap (D:7)
  4 iguanas
  Natasha (thrice) (D:4)
  6 adders
  31 gnolls
  A swamp drake skeleton (Crypt:1)
  2 white imps
  2 ufetubi (D:7)
  6 swamp drake simulacra (Swamp:4)
  A worm (D:5)
  3 dart slugs
  74 orcs
  7 bats
  5 endoplasms
  4 giant cockroaches
  16 goblins
  17 hobgoblins
  24 kobolds
  2 quokkas
  6 ball pythons
  2 dart slug zombies
  5 frilled lizards
  6 rats
  7 spectral weapons (Depths:1)
1825 creatures vanquished.

Vanquished Creatures (others)
  Asterion (Depths:1)
  A bunyip (Swamp:4)
  A hydra (Swamp:4)
  A spectral ettin (Crypt:3)
  2 tyrant leeches (Swamp:4)
  A hornet (Swamp:2)
  A boggart (Vaults:4)
  18 foxfires
26 creatures vanquished.

Grand Total: 1851 creatures vanquished

Notes
Turn   | Place    | Note
-------+----------+-------------------------------------------
     0 | D:1      | Zeldest the Vine Stalker Shapeshifter began the quest for
                  | the Orb.
     0 | D:1      | Reached XP level 1. HP: 9/9 MP: 2/2
    47 | D:1      | Reached skill level 1 in Fighting
   118 | D:1      | Reached XP level 2. HP: 10/14 MP: 3/3
   656 | D:1      | Reached XP level 3. HP: 18/18 MP: 4/4
  1132 | D:2      | Gained mutation: Your natural rate of healing is unusually
                  | fast. [Vine Stalker growth]
  1132 | D:2      | Reached XP level 4. HP: 17/22 MP: 5/5
  1740 | D:3      | Identified the +1 pair of boots of Rotation {Contam Str+5
                  | Slay+3}
  1963 | D:3      | Reached XP level 5. HP: 24/25 MP: 3/6
  2080 | D:3      | Found a radiant altar of Vehumet.
  2262 | D:3      | Found an opulent altar of Gozag.
  2663 | D:4      | Noticed a lemure
  2669 | D:4      | Noticed Pikel
  2669 | D:4      | Noticed a lemure
  2669 | D:4      | Noticed a lemure
  2669 | D:4      | Noticed a lemure
  2688 | D:4      | Killed Pikel
  2689 | D:4      | Reached skill level 5 in Shapeshifting
  2689 | D:4      | Reached XP level 6. HP: 30/30 MP: 7/7
  2689 | D:4      | Reached XP level 7. HP: 33/33 MP: 8/8
  2758 | D:4      | Found Feomabon's Jewellery Boutique.
  2798 | D:4      | Noticed Natasha
  2803 | D:4      | Killed Natasha
  3031 | D:4      | Noticed Natasha
  3034 | D:4      | Killed Natasha
  3287 | D:4      | Noticed Natasha
  3295 | D:4      | Killed Natasha
  3332 | D:5      | Entered Level 5 of the Dungeon
  3520 | D:5      | Gained mutation: You have razor-sharp teeth. [Vine Stalker
                  | growth]
  3520 | D:5      | Reached XP level 8. HP: 37/37 MP: 9/9
  3564 | D:5      | Found an iron altar of Okawaru.
  4001 | D:5      | Became a worshipper of Warmaster Okawaru
  4198 | D:6      | Reached skill level 1 in Invocations
  4221 | D:6      | Found a staircase to the Ecumenical Temple.
  4278 | Temple   | Entered the Ecumenical Temple
  4301 | D:6      | Found a runed translucent door.
  4306 | D:6      | Noticed arthad's ghost (novice GrFi)
  4528 | Temple   | Reached XP level 9. HP: 39/41 MP: 7/11
  4774 | D:6      | Reached * piety under Okawaru
  4795 | D:6      | Found a runed translucent door.
  4821 | D:6      | Found a broken altar of Ashenzari.
  5878 | D:8      | Noticed a hornet
  5884 | D:8      | Killed a hornet
  6064 | D:8      | Found a white marble altar of Elyvilon.
  6364 | D:8      | Identified the +1 leather armour "Hinics" {-Cast rC+ Will+}
  6411 | D:8      | Reached ** piety under Okawaru
  6590 | D:8      | Noticed a cyclops
  6673 | D:8      | Killed a cyclops
  6674 | D:8      | Reached XP level 10. HP: 45/45 MP: 14/14
  6935 | D:8      | Reached skill level 5 in Invocations
  7061 | D:8      | Noticed a manticore
  7067 | D:8      | Noticed a two-headed ogre
  7070 | D:8      | Killed a manticore
  7073 | D:8      | Noticed a boulder beetle
  7074 | D:8      | Killed a two-headed ogre
  7074 | D:8      | Reached *** piety under Okawaru
  7324 | D:9      | Noticed Gastronok
  7338 | D:9      | Killed Gastronok
  7338 | D:9      | Reached **** piety under Okawaru
  7339 | D:9      | Reached skill level 10 in Shapeshifting
  7461 | D:9      | Reached ***** piety under Okawaru
  7461 | D:9      | Received a gift from Okawaru
  7507 | D:8      | Reached XP level 11. HP: 32/49 MP: 12/16
  7727 | D:9      | Reached skill level 10 in Unarmed Combat
  7854 | D:9      | Found a staircase to the Lair.
  8527 | D:9      | Received a gift from Okawaru
  8774 | D:10     | Entered Level 10 of the Dungeon
  8807 | D:10     | Found a shimmering blue altar of Sif Muna.
  9085 | D:10     | Found a snail-covered altar of Cheibriados.
  9251 | D:10     | Found Cavido's Antique Weapon Shop.
  9531 | D:10     | Found a shadowy altar of Dithmenos.
 10297 | Lair:1   | Entered Level 1 of the Lair of Beasts
 10345 | Lair:1   | Reached skill level 1 in Spellcasting
 10436 | Lair:1   | Received a gift from Okawaru
 10758 | Lair:1   | Reached XP level 12. HP: 47/56 MP: 13/19
 11397 | Lair:2   | Received a gift from Okawaru
 11424 | Lair:2   | Noticed a seven-headed hydra
 11431 | Lair:2   | Killed a seven-headed hydra
 11515 | Lair:2   | Found a staircase to the Swamp.
 12008 | Lair:2   | Noticed a skyshark
 12018 | Lair:2   | Killed a skyshark
 12019 | Lair:2   | Reached skill level 1 in Shields
 12427 | Lair:3   | Reached XP level 13. HP: 63/63 MP: 20/20
 12531 | Lair:3   | Found a hole to the Spider Nest.
 12561 | Lair:3   | Reached skill level 5 in Fighting
 12688 | Lair:3   | Reached ****** piety under Okawaru
 13007 | Lair:3   | Found a large runed translucent door.
 13007 | Lair:3   | Found a large runed translucent door.
 13202 | Lair:3   | Noticed Vacku Hude's ghost (journeyman HOFi)
 13412 | Lair:4   | Received a gift from Okawaru
 13760 | Lair:4   | Identified the +10 plate armour "Fageul" {rCorr} (Okawaru
                  | gifted it to you on level 4 of the Lair of Beasts)
 13760 | Lair:4   | Received a gift from Okawaru
 13852 | Lair:4   | Identified the +5 hand axe of Wounding {pain, rPois}
 14069 | Lair:5   | Entered Level 5 of the Lair of Beasts
 14093 | Lair:4   | Reached skill level 1 in Armour
 14160 | Lair:5   | Noticed Rupert
 14336 | Lair:4   | Reached skill level 10 in Invocations
 14505 | Lair:4   | Reached skill level 5 in Shields
 14510 | Lair:4   | Reached XP level 14. HP: 66/70 MP: 18/22
 15698 | D:12     | Noticed Erolcha
 15719 | D:12     | Killed Erolcha
 16453 | D:12     | Found a staircase to the Orcish Mines.
 16507 | D:12     | Identified the +3 kite shield "Lanoloog" {Will+ SInv}
                  | (Okawaru gifted it to you on level 12 of the Dungeon)
 16507 | D:12     | Received a gift from Okawaru
 17420 | D:13     | Reached skill level 5 in Armour
 17427 | D:13     | Noticed an ironbound preserver
 17450 | D:13     | Killed an ironbound preserver
 17505 | D:13     | Found a gate to the Vaults.
 18054 | D:14     | Received a gift from Okawaru
 18173 | D:14     | Found Nurojot's Weapon Shoppe.
 18195 | D:14     | Identified the +0 scale mail of Inquiry {-Tele +Inv Str-3
                  | Dex+6}
 18221 | D:14     | Reached XP level 15. HP: 72/78 MP: 21/24
 19258 | D:15     | Entered Level 15 of the Dungeon
 19305 | D:15     | Noticed Azrael
 19477 | D:15     | Identified the +6 dagger of Overwhelming Force {elec, rC-
                  | rN++}
 19532 | D:15     | Killed Azrael
 19554 | D:15     | Received a gift from Okawaru
 20210 | D:15     | Found a staircase to the Depths.
 20519 | D:15     | Identified the +5 ring mail of Distant Worlds {Stlth+}
                  | (Okawaru gifted it to you on level 15 of the Dungeon)
 20519 | D:15     | Received a gift from Okawaru
 20882 | Lair:4   | Reached skill level 10 in Fighting
 21598 | Lair:5   | Gained mutation: You have hidden genetic potential. [potion
                  | of mutation]
 21598 | Lair:5   | Gained mutation: You expend magic power (3 MP) to
                  | strengthen your wands. [potion of mutation]
 21598 | Lair:5   | Gained mutation: You are partially covered in iridescent
                  | scales. (AC +2) [potion of mutation]
 21598 | Lair:5   | Gained mutation: Your flesh is cold resistant. (rC+)
                  | [potion of mutation]
 21669 | Lair:5   | Killed Rupert
 21686 | Lair:5   | Found a staircase to the Slime Pits.
 21758 | Lair:5   | Reached skill level 5 in Spellcasting
 21970 | Lair:5   | Identified the +8 plate armour "Wom Poda" {-Cast Str+3
                  | Dex+6 Stlth-}
 22144 | Lair:5   | Reached XP level 16. HP: 68/86 MP: 25/25
 22963 | Lair:5   | Identified the +4 quarterstaff of the Illusory Runes {elec,
                  | rCorr Int+3 SInv Stlth-}
 23318 | D:4      | Bought a dragon-blood talisman for 960 gold pieces
 23547 | Orc:1    | Entered Level 1 of the Orcish Mines
 23634 | Orc:1    | Received a gift from Okawaru
 23807 | Orc:2    | Entered Level 2 of the Orcish Mines
 23807 | Orc:2    | Found Lolocass's Overcharged Wands.
 23946 | Orc:2    | Found a staircase to the Elven Halls.
 24186 | Orc:1    | Received a gift from Okawaru
 24412 | Orc:2    | Found Waudamun's General Store.
 24888 | Orc:2    | Found Ulanireck's Assorted Antiques.
 24908 | Orc:2    | Found Zinil's Jewellery Emporium.
 24949 | Orc:2    | Found Picrueh's Jewellery Emporium.
 24961 | Orc:2    | Bought a blade talisman for 560 gold pieces
 25280 | Swamp:1  | Entered Level 1 of the Swamp
 25682 | Swamp:1  | Gained mutation: You passively dampen the noise of your
                  | surroundings. [hidden potential]
 25747 | Swamp:1  | Identified the +3 robe "Forget-Me-Not" {*Corrode rPois rN++
                  | Str-4} (Okawaru gifted it to you on level 1 of the Swamp)
 25747 | Swamp:1  | Received a gift from Okawaru
 26468 | Swamp:2  | Reached skill level 1 in Evocations
 26528 | Swamp:2  | You fall into a shaft and drop 1 floor!
 26741 | Swamp:2  | Noticed Frances
 26756 | Swamp:2  | Killed Frances
 26792 | Swamp:2  | Noticed Aizul
 27551 | Swamp:4  | Entered Level 4 of the Swamp
 27640 | Swamp:4  | Reached XP level 17. HP: 90/91 MP: 25/28
 28049 | Swamp:4  | Got a decaying rune of Zot
 28221 | Swamp:4  | Identified the +4 troll leather armour of Jousej {rPois
                  | Regen+ Dex+5} (Okawaru gifted it to you on level 4 of the
                  | Swamp)
 28221 | Swamp:4  | Received a gift from Okawaru
 28533 | Swamp:4  | Noticed Roxanne
 28582 | Swamp:4  | Killed Roxanne
 29026 | Swamp:2  | Noticed Nikola
 29073 | Swamp:2  | Killed Nikola
 29165 | Swamp:2  | Killed Aizul
 29455 | Swamp:2  | Reached skill level 15 in Shapeshifting
 29855 | Spider:1 | Entered Level 1 of the Spider Nest
 29865 | Spider:2 | Gained mutation: You have great hidden genetic potential.
                  | [hidden potential]
 29865 | Spider:2 | Lost mutation: You have great hidden genetic potential.
                  | [hidden potential expressed]
 30709 | Spider:2 | Received a gift from Okawaru
 30740 | Spider:2 | Identified the +1 robe "Wuq Vali" {Int+3}
 31421 | Spider:3 | Reached XP level 18. HP: 96/96 MP: 29/29
 31905 | Spider:4 | Entered Level 4 of the Spider Nest
 32069 | Spider:4 | Got the Handbook of Destruction
 32092 | Spider:4 | Found a transporter.
 32092 | Spider:4 | Noticed Shard1697's ghost (adept MeBe)
 32163 | Spider:4 | Found a transporter.
 32364 | Spider:4 | Identified the +0 pair of boots of Rume {Harm rElec MP+9}
                  | (Okawaru gifted it to you on level 4 of the Spider Nest)
 32364 | Spider:4 | Received a gift from Okawaru
 32546 | Spider:4 | Reached skill level 15 in Unarmed Combat
 32546 | Arena    | Entered the Arena
 32549 | Arena    | Gained mutation: Your muscles are strong. (Str +4, Int/Dex
                  | -1) [hidden potential]
 32876 | Spider:4 | Got a gossamer rune of Zot
 33369 | Spider:1 | Identified the +0 buckler of the Sturgeon {rF+} (Okawaru
                  | gifted it to you on level 1 of the Spider Nest)
 33369 | Spider:1 | Received a gift from Okawaru
 33490 | Spider:1 | Identified the +1 robe of a Labyrinth {rPois Dex+3}
 33657 | Spider:1 | Reached XP level 19. HP: 104/104 MP: 30/30
 34302 | Lair:2   | Learned a level 2 spell: Wereblood
 34481 | Vaults:1 | Entered Level 1 of the Vaults
 34577 | Vaults:1 | Reached skill level 1 in Transmutations
 34808 | Vaults:1 | Gained mutation: Your mind is acute. (Int +4, Str/Dex -1)
                  | [hidden potential]
 34808 | Vaults:1 | Lost mutation: You have hidden genetic potential. [hidden
                  | potential expressed]
 34832 | Vaults:1 | Found Xedal's Antique Weapon Emporium.
 34859 | Vaults:1 | Received a gift from Okawaru
 35037 | Vaults:1 | Found Tiodimea's Weapon Shoppe.
 35057 | Vaults:1 | Reached skill level 5 in Transmutations
 35063 | Vaults:1 | Identified the +6 sling of Wondrous Power {drain, *Slow
                  | Will+++ Str+2 Stlth-}
 35317 | Vaults:1 | Received a gift from Okawaru
 35345 | Vaults:1 | Identified the +2 ring mail of Understanding {rN+}
 35363 | Vaults:1 | Identified the ring "Akotrara" {Contam rElec Will+ Dex+3
                  | Slay+3}
 35372 | Vaults:1 | Identified the +9 dagger of Eternal Vigilance {heavy, rC+}
 35419 | Vaults:1 | Found Zotoet's Jewellery Boutique.
 35475 | Vaults:1 | Found Qummec's Magic Scroll Shop.
 35490 | Vaults:1 | Bought a scroll of teleportation for 42 gold pieces
 35490 | Vaults:1 | Bought a scroll of enchant armour for 105 gold pieces
 35490 | Vaults:1 | Bought a scroll of teleportation for 42 gold pieces
 35490 | Vaults:1 | Bought a scroll of teleportation for 42 gold pieces
 36105 | Vaults:2 | Reached XP level 20. HP: 109/109 MP: 31/31
 36547 | Vaults:2 | Found a staircase to the Crypt.
 36547 | Vaults:2 | Found a basalt altar of Yredelemnul.
 36548 | Vaults:2 | Found an ancient bone altar of Kikubaaqudgha.
 36998 | Vaults:3 | Reached skill level 1 in Conjurations
 37004 | Vaults:3 | Noticed Boris
 37015 | Vaults:3 | Killed Boris
 37096 | Vaults:3 | Received a gift from Okawaru
 37158 | Arena    | Entered the Arena
 37561 | Vaults:3 | Reached skill level 5 in Conjurations
 37809 | Vaults:3 | Identified the +1 chain mail "Nadyneedd" {*Slow rCorr
                  | Dex+4} (Okawaru gifted it to you on level 3 of the Vaults)
 37809 | Vaults:3 | Received a gift from Okawaru
 38176 | Vaults:4 | Reached skill level 10 in Transmutations
 38182 | Vaults:4 | Learned a level 5 spell: Irradiate
 38520 | Vaults:4 | Reached XP level 21. HP: 113/113 MP: 32/32
 39518 | Elf:1    | Entered Level 1 of the Elven Halls
 39825 | Elf:1    | Found Pynu's Jewellery Emporium.
 39829 | Elf:1    | Found Laud's Assorted Antiques.
 39835 | Elf:1    | Bought a maw talisman for 760 gold pieces
 39851 | Elf:1    | Bought a scroll of teleportation for 87 gold pieces
 39949 | Elf:1    | Found Daeclin's Antique Armour Boutique.
 39959 | Elf:1    | Identified the +7 chain mail of Valour {Will+} (Okawaru
                  | gifted it to you on level 1 of the Elven Halls)
 39959 | Elf:1    | Received a gift from Okawaru
 40026 | Elf:1    | Got Dyiv's Treatise on the Impact
 40463 | Elf:2    | Paralysed by an air elemental for 1 turns
 40466 | Elf:2    | Paralysed by an air elemental for 1 turns
 40654 | Elf:2    | Reached skill level 10 in Conjurations
 40707 | Elf:2    | Found Jelis's Distillery.
 40711 | Elf:2    | Bought a potion of haste for 160 gold pieces
 40747 | Elf:2    | Found a runed translucent door.
 40774 | Elf:2    | Found a runed translucent door.
 40879 | Elf:3    | Entered Level 3 of the Elven Halls
 41381 | Elf:3    | Reached skill level 5 in Dodging
 41696 | Elf:3    | Identified the +7 sling of the Beginning {flame, Fly rF+
                  | rC- Int+6}
 41742 | Elf:3    | Identified the +5 leather armour of Adumuleg {rPois Regen+
                  | Int-4 Dex+3 SInv}
 41763 | Elf:3    | Identified the +0 robe of the Shore {rF+}
 41860 | Elf:3    | Received a gift from Okawaru
 41861 | Elf:3    | Reached XP level 22. HP: 119/119 MP: 30/33
 42010 | Elf:3    | Found the +0 pair of fencer's gloves {Riposte Dex+3}
 42144 | Elf:3    | Got Puobif's Tractate on Loathsome Bringing Forth
 42462 | Crypt:1  | Entered Level 1 of the Crypt
 42659 | Crypt:1  | Reached skill level 1 in Necromancy
 43313 | Crypt:2  | Found a runed translucent door.
 43979 | Crypt:2  | Noticed Omoexics's ghost (veteran DsGl)
 43994 | Crypt:3  | Entered Level 3 of the Crypt
 44000 | Crypt:3  | Received a gift from Okawaru
 44210 | Crypt:3  | Found an ancient bone altar of Kikubaaqudgha.
 44381 | Crypt:3  | Got Kikubaaqudgha's Spellbook of the Baker
 44489 | Crypt:3  | Identified the +0 pair of boots of Wotoog {Int+4} (Okawaru
                  | gifted it to you on level 3 of the Crypt)
 44489 | Crypt:3  | Received a gift from Okawaru
 44520 | Crypt:3  | Found a staircase to the Tomb.
 44520 | Crypt:3  | Noticed Jory
 44539 | Crypt:3  | Killed Jory
 44549 | Crypt:3  | Identified the +5 mace "Wuadomis" {heavy, rN+ Int+2}
 44617 | Crypt:3  | Reached skill level 5 in Necromancy
 44663 | Crypt:3  | Got the Parchment of Transmogrification
 44728 | Crypt:3  | Noticed a profane servitor
 44738 | Crypt:3  | Killed a profane servitor
 44785 | Crypt:3  | Reached XP level 23. HP: 125/125 MP: 34/34
 44821 | Crypt:3  | Got the Elucidation of Voltaic Glamour
 45246 | Depths:1 | Entered Level 1 of the Depths
 45333 | Depths:1 | Found an iron altar of Okawaru.
 46241 | Depths:1 | Found a one-way gate leading to the halls of Pandemonium.
 46373 | Depths:1 | Found a one-way gate to the infinite horrors of the Abyss.
 46406 | Depths:1 | Noticed Asterion
 46420 | Depths:1 | Killed Asterion
 46447 | Depths:1 | Found a one-way gateway to a ziggurat.
 46561 | Depths:1 | Noticed Saint Roka
 46578 | Depths:1 | Killed Saint Roka
 46578 | Depths:1 | Identified the +2 pair of boots "Kumuros" {rCorr MP-9 Dex-5
                  | SInv} (Okawaru gifted it to you on level 1 of the Depths)
 46578 | Depths:1 | Received a gift from Okawaru
 46579 | Depths:1 | Reached skill level 15 in Fighting
 47021 | Depths:1 | Found a gateway to Hell.
 47106 | Depths:1 | Found Emiamm's General Store.
 47253 | Depths:2 | Found Hiriji's Magic Scroll Boutique.
 47261 | Depths:2 | Bought a scroll of blinking for 135 gold pieces
 47261 | Depths:2 | Bought 3 scrolls of teleportation for 162 gold pieces
 47261 | Depths:2 | Bought a scroll of teleportation for 54 gold pieces
 47261 | Depths:2 | Bought 3 scrolls of teleportation for 162 gold pieces
 47426 | Depths:2 | Identified the +9 plate armour of the New World {Will+
                  | Str+8 Stlth-}
 47468 | Depths:2 | Found a shimmering altar of Xom.
 47469 | Depths:2 | Found a shimmering altar of Xom.
 47469 | Depths:2 | Found a shimmering altar of Xom.
 47582 | Depths:2 | Noticed Vv
 47769 | Depths:2 | Found Poceof's Practical Paraphernalia.
 48093 | Depths:2 | Identified the ring "Zuorumim" {Ice +Blink rCorr Str+3
                  | Dex-4}
 48093 | Depths:2 | Noticed Josephina
 48105 | Depths:2 | Killed Josephina
 48334 | Depths:2 | Killed Vv
 48342 | Depths:2 | Noticed Mara
 48416 | Depths:2 | Killed Mara
 48630 | Depths:3 | Reached skill level 1 in Translocations
 48811 | Depths:3 | Reached XP level 24. HP: 132/132 MP: 28/35
 48885 | Depths:3 | Identified the +9 spear "Cuzuuf" {freeze, +Blink rF++ Int+4
                  | Dex-5}
 48886 | Depths:3 | Identified the ring "Beyr" {rElec rC+ Slay+2}
 48937 | Depths:3 | Reached skill level 5 in Translocations
 48953 | Depths:3 | Received a gift from Okawaru
 48957 | Depths:3 | Noticed Boris
 48968 | Depths:3 | Killed Boris
 49024 | Depths:3 | You fall into a shaft and drop 1 floor!
 49024 | Depths:4 | Entered Level 4 of the Depths
 49064 | Depths:3 | HP: 4/171 [spriggan berserker/+0 war axe (15)]
 49066 | Depths:3 | Killed from afar by a spriggan air mage

Illustrated notes

Levels and vault maps discovered:
D:1:      wheals_arrival_linesprint, layout_basic
D:2:      layout_loops_ring
D:3:      layout_basic, lemuel_coloured_pillars_altar, mainiacjoe_overflow_paths
D:4:      nicolae_cairo_tiling_large, layout_loops_ring, serial_shops, shop,
          uniq_pikel, uniq_natasha
D:5:      layout_loops_cross, mainiacjoe_overflow_brackets
D:6:      layout_loops_ring, ashenzari_conservatory_becter,
          minmay_temple_entry_drinking_statues, ebering_ghost_sewer_f,
          kennysheep_boxes
D:7:      layout_loops_cross
D:8:      corexii_shantytown, layout_loops_corners, elyvilon_altar_1,
          minmay_evil_grid
D:9:      layout_cave_pools, erik_lair_island, serial_column_ruins,
          column_ruins_square_large, column_ruins_square_medium,
          column_ruins_open_tiny, column_ruins_grid_1, column_ruins_grid_3,
          column_ruins_open_tiny, column_ruins_open_small,
          column_ruins_columns_plus, moated_statue,
          chequers_serial_rivers_micro_a, uniq_gastronok
D:10:     layout_layer_cave, mainiacjoe_overflow_surrounded_room,
          amcnicky_altar_gilded, mainiacjoe_overflow_chevrons, serial_shops,
          shop
D:11:     layout_loops_ring, minmay_joined_circles
D:12:     layout_layer_cave, kennysheep_orc_monster_closet_entryway,
          beargit_elvish_explorers, uniq_erolcha
D:13:     layout_loops_corners, skrybe_vaults_entry_preservation
D:14:     layout_layer_cave, serial_shops, nicolae_shop_tiny_waterfront
D:15:     gammafunk_depths_entry_grave, layout_loops_ring, serial_rivers,
          chequers_serial_rivers_room_a, chequers_serial_rivers_small_a,
          chequers_serial_rivers_micro_e, chequers_serial_rivers_micro_e,
          chequers_serial_rivers_marsh, chequers_serial_rivers_large_b,
          uniq_azrael
Temple:   eino_narrow_crystal_temple
Lair:1:   beast_lair_carwin_large_1, layout_regular_city
Lair:2:   layout_loops_ring, swamp_mist
Lair:3:   layout_gridlike, spider_nest_entry_a, ebering_ghost_disaster_area,
          chequers_serial_rivers_small_3, minmay_lair_oklob_bushes,
          nicolae_quartered_pool_impasse, st_stairs_5
Lair:4:   nzn_winding_woodlands_stair_cross [nzn_winding_woodlands_5x15_default,
          nzn_winding_woodlands_center_lodge,
          nzn_winding_woodlands_5x15_pockets,
          nzn_winding_woodlands_5x5_closed_star,
          nzn_winding_woodlands_5x5_cross,
          nzn_winding_woodlands_5x15_sidewinder,
          nzn_winding_woodlands_center_pierced_h,
          nzn_winding_woodlands_5x15_jagged], layout_concentric_octagons
Lair:5:   due_jungle_book, layout_cave_shapes, minmay_slime_entry_pillars,
          columned_hall_lemuel, minmay_hedge_maze, lemuel_fruit_fields,
          uniq_rupert
Swamp:1:  layout_basic_swamp, evilmike_swamp_ruin_rubble_1, swamp_pool2,
          statue_in_the_mist_lemuel, nicolae_swamp_rocky_clearing,
          hangedman_swamp_cone, infiniplex_staircase_pool
Swamp:2:  layout_falls_marsh, serial_swamp_ruin, evilmike_swamp_ruin_rubble_2,
          evilmike_swamp_ruin_house_2, evilmike_swamp_ruin_wall, swamp_pool5,
          uniq_aizul, uniq_nikola, uniq_frances
Swamp:3:  layout_basic_swamp, hangedman_swamp_ruin_hall, swamp_pool1,
          water_boxes_lemuel
Swamp:4:  swamp_icy, layout_basic_swamp, uniq_roxanne
Spider:1: spiders_nest_scorpion_pit, hellmonk_motheaten_closet
Spider:2: nicolae_spider_broodchamber
Spider:3: layout_chambers, nicolae_spider_circle_web
Spider:4: grunt_spider_rune_circles, gammafunk_ghost_arena
Orc:1:    layout_diamond_mine
Orc:2:    st_orc_elflike, layout_caves, nicolae_shop_overcharged_wands
Elf:1:    layout_gridlike, serial_shops, shop, minmay_elf_annihilation,
          lemuel_upstairs_altar, minmay_shop_star
Elf:2:    elven_hall_of_blades_hangedman_original
          [nicolae_blade_entry_splitting_headache], layout_rooms, serial_shops,
          shop, uniq_louise
Elf:3:    minmay_elf_hall, layout_geoelf_octagon, st_stairs_14
Vaults:1: v_pattern_2, nicolae_vaults_double_plus_2, nicolae_vaults_turnstiles,
          nicolae_vaults_sealed_display, nicolae_vaults_storing_the_good_stuff,
          v_misc_11, ontoclasm_vaults_pinch, dpeg_vaults_monster_box, v_misc_29,
          vaults_room_pool, nicolae_vaults_tetromino_L_1, nicolae_vaults_prndl,
          nicolae_vaults_circle_grid_b, layout_vaults_big_room, serial_shops,
          nicolae_shop_getting_attention, shop, nicolae_lakefront_shop
Vaults:2: vaults_mumra_bighexcomb, minmay_crypt_entry_necro_gods,
          nicolae_vaults_little_squares_3, v_misc_31, nicolae_vaults_six-pack,
          nicolae_vaults_yaktaur_gun_rack, nicolae_vaults_theta,
          nicolae_vaults_double_plus_1, v_misc_12, nicolae_vaults_tetromino_T_1,
          layout_vaults_omnigrid
Vaults:3: nicolae_vaults_display_case, nicolae_vaults_diamond_2, v_misc_8,
          nicolae_vaults_disjoint_gnomons, v_misc_26, hangedman_vaults_maws,
          grunt_vaults_twisty, ontoclasm_vaults_idyll,
          nicolae_vaults_border_crossing, nicolae_vaults_tetromino_T_2,
          layout_vaults_omnicross, uniq_boris
Vaults:4: nicolae_vaults_corpse_flower, v_misc_29,
          nicolae_vaults_storage_closets_1,
          nicolae_vaults_windows_and_doors_thing, vaults_dpeg_hooks,
          nicolae_vaults_closet_pinwheel_6, v_misc_4, nicolae_vaults_house_2,
          nicolae_vaults_sightless_eye, nicolae_vaults_tetromino_T_1,
          ontoclasm_vaults_fault, layout_vaults_ring
Crypt:1:  layout_misc_corridors
Crypt:2:  layout_catacombs, ebering_ghost_reflecting_pool, grunt_megastairs_5
Crypt:3:  grunt_crypt_end_deaths_head
Depths:1: layout_basic, enter_ziggurat_f, pf_hell_entry_tar_spiral,
          serial_shops, kennysheep_mini, pan_entry, minmay_splitting_lines,
          hangedman_abyss_entry_splay, kennysheep_okawaru_gauntlet,
          uniq_saint_roka, uniq_asterion
Depths:2: minmay_spriggan_fort, layout_gridlike, serial_shops, shop_fountains,
          grunt_mini_vestibule, rand_demon_pan_entry_1, xom_redecorated,
          nicolae_alphabet_shops, uniq_mara, uniq_josephina, uniq_vv
Depths:3: grunt_double_whammy, layout_basic, pan_entry, abyss_entry_crystal,
          skrybe_limestone_x, pf_hell_entry_great_geh,
          infiniplex_staircase_diamond
Depths:4: lemuel_castle_with_subvaults [lemuel_castle_interior_carwin_1],
          layout_gridville, chequers_serial_rivers_micro_a,
          grunt_hell_entry_dis_old, abyss_entry_glasseish, uniq_margery,
          uniq_xtahua, uniq_jory

Skill      XL: |  1  2  3  4  5  6  7  8  9 10 11 12 13 14 15 16 17 18 19 20 21 22 23 24 |
---------------+-------------------------------------------------------------------------+-----
Fighting       | 1 2 4 6 8 10 11 13 14 15 | 15.3
Unarmed Combat | 4 6 7 8 9 10 11 12 13 14 15 17 18 19 | 19.2
Shapeshifting  | 5 6 7 9 10 11 12 14 16 17 18 19 | 19.2
Invocations    | 2 4 6 8 9 10 11 | 11.0
Spellcasting   | 2 4 5 6 7 8 |  8.1
Shields        | 2 5 6 8 |  8.2
Dodging        | 2 3 5 7 8 |  8.6
Armour         | 2 5 7 |  7.2
Evocations     | 3 4 |  4.0
Transmutations | 6 10 12 | 12.0
Conjurations   | 7 10 | 10.8
Necromancy     | 5 7 |  7.5
Translocations | 4 5 |  5.8

Action                     |  1- 3 |  4- 6 |  7- 9 | 10-12 | 13-15 | 16-18 | 19-21 | 22-24 || total
---------------------------+-------+-------+-------+-------+-------+-------+-------+-------++-------
  Melee: Unarmed           |    70 |    96 |   315 |   580 |  1157 |  1332 |  1019 |   914 ||  5483
         Bite              |     9 |    13 |    85 |   228 |   501 |   530 |   414 |   359 ||  2139
         Punch             |       |     3 |    14 |     9 |       |     1 |       |       ||    27
         Tailslap          |       |       |       |       |       |     7 |       |       ||     7
         Maw               |       |       |       |       |       |       |     2 |       ||     2
  Throw: Dart              |       |       |       |     3 |     5 |       |       |       ||     8
   Cast: Wereblood         |       |       |       |       |       |       |     5 |       ||     5
 Invoke: Heroism           |       |       |     1 |     4 |    14 |    16 |     8 |    12 ||    55
         Finesse           |       |       |       |     1 |     5 |     5 |     2 |     5 ||    18
         Duel              |       |       |       |       |       |     1 |     1 |       ||     2
Ability: Begin Untransform |       |     1 |       |       |       |     3 |     1 |       ||     5
         Breathe Fire      |       |       |       |       |       |     2 |       |       ||     2
  Evoke: Wand              |       |       |     8 |     8 |     4 |    13 |     1 |       ||    34
         Phial of floods   |       |       |       |       |     1 |     1 |     1 |     1 ||     4
         Condenser vane    |       |       |       |       |       |     2 |       |     1 ||     3
    Use: Potion            |       |     1 |       |     6 |     1 |     7 |     2 |     1 ||    18
         Scroll            |       |       |     5 |    18 |     6 |    15 |     1 |     4 ||    49
   Stab: Sleeping          |     4 |       |       |       |       |       |     2 |     2 ||     8
         Paralysed         |       |       |     2 |       |       |     2 |       |       ||     4
         Invisible         |       |       |       |       |       |     6 |       |       ||     6
         Distracted        |       |       |       |       |       |     1 |       |       ||     1
 Armour: Animal skin       |    16 |     8 |       |       |       |       |       |       ||    24
         Ring mail         |       |    21 |   167 |   276 |    31 |       |       |       ||   495
         Skin              |       |    14 |       |     9 |       |   502 |   548 |   399 ||  1472
         Plate armour      |       |       |       |       |   545 |   260 |       |       ||   805
  Dodge: Dodged            |    46 |    26 |   186 |   298 |   292 |   569 |   473 |   430 ||  2320
         Repelled          |       |       |       |       |     1 |    10 |    11 |     4 ||    26
  Block: Buckler           |       |       |       |    86 |   164 |       |       |       ||   250
         Kite shield       |       |       |       |       |   332 |  1361 |  1122 |  1021 ||  3836
         Reflection        |       |       |       |       |       |     4 |    83 |    18 ||   105
   Form: Dragon            |       |       |       |       |       |     2 |       |       ||     2
         Blade             |       |       |       |       |       |     1 |       |       ||     1
         Statue            |       |       |       |       |       |     4 |     2 |       ||     6
         Anaconda          |       |       |       |       |       |     2 |       |       ||     2
         Maw               |       |       |       |       |       |       |     1 |       ||     1

Table legend: (Time is in decaauts)
 A = Elapsed time spent in this place.
 B = Non-inter-level travel time spent in this place.
 C = Inter-level travel time spent in this place.
 D = Time resting spent in this place.
 E = Time spent auto-exploring this place.
 F = Levels seen in this place.
 G = Mean time per level.
                   A        B        C        D        E       F      G
               +--------+--------+--------+--------+--------+-----+--------+
         Total |  58022 |  52163 |   5859 |   7219 |  30020 |  47 | 1234.5 |
       Dungeon |  17527 |  14950 |   2577 |   1672 |   9681 |  15 | 1168.5 |
        Temple |    141 |    141 |      0 |    127 |      0 |   1 |  141.0 |
          Lair |   7268 |   6375 |    893 |   1054 |   3223 |   5 | 1453.6 |
         Swamp |   5466 |   5068 |    398 |   1242 |   2305 |   4 | 1366.5 |
   Spider Nest |   6546 |   6130 |    416 |    950 |   2849 |   4 | 1636.5 |
  Orcish Mines |   2008 |   1654 |    354 |    365 |    810 |   2 | 1004.0 |
   Elven Halls |   3566 |   3403 |    163 |    435 |   1950 |   3 | 1188.7 |
        Vaults |   7334 |   6604 |    730 |    592 |   4377 |   4 | 1833.5 |
         Crypt |   3720 |   3545 |    175 |    253 |   2198 |   3 | 1240.0 |
        Depths |   4397 |   4247 |    150 |    526 |   2624 |   4 | 1099.2 |
         Arena |     44 |     44 |      0 |      0 |      0 |   2 |   22.0 |
               +--------+--------+--------+--------+--------+-----+--------+

Top non-repeatable levels by time:
Vaults:2: 2052 daAuts
Spider:3: 2026 daAuts
   Elf:3: 1991 daAuts
Depths:2: 1922 daAuts
Vaults:4: 1880 daAuts
Vaults:1: 1866 daAuts
Depths:1: 1829 daAuts
     D:8: 1719 daAuts
  Lair:4: 1670 daAuts
  Lair:5: 1670 daAuts
Spider:1: 1615 daAuts
 Swamp:2: 1607 daAuts
    D:14: 1578 daAuts
    D:12: 1565 daAuts
Vaults:3: 1535 daAuts
